 Dungeon Crawl Stone Soup version 0.32-a0-918-g0f22ef8d61 (webtiles) character file.

Game seed: 7107588034155740505

33 holysushi the Cudgeller (level 3, 0/28 HPs)
             Began as a Formicid Gladiator on Apr 12, 2024.
             Killed from afar by Natasha (5 damage)
             ... with a magic dart
             ... on level 2 of the Dungeon.
             The game lasted 00:02:24 (944 turns).

holysushi the Cudgeller (Formicid Gladiator)         Turns: 944, Time: 00:02:25

Health: 0/28       AC:  4    Str: 18    XL:     3   Next: 47%
Magic:  3/3        EV: 11    Int:  7    God:
Gold:   15         SH:  0    Dex: 17    Spells: 2/2 levels left

rFire   . . .        a - +0 flail
rCold   . . .        (no shield)
rNeg    . . .        b - +0 leather armour
rPois   .            (helmet unavailable)
rElec   .            (no cloak)
rCorr   .            e - +0 pair of gloves
SInv    +            (no boots)
Will    .....        (no amulet)
Stlth   +            (no ring)
HPRegen 0.24/turn    (no ring)
MPRegen 0.08/turn

%: no passive effects
@: no status effects
A: permanent stasis, dig shafts and tunnels, antennae 3, four strong arms
a: Dig, Shaft Self


You were on level 2 of the Dungeon.
You visited 1 branch of the dungeon, and saw 2 of its levels.

You collected 35 gold pieces.
You spent 20 gold pieces at shops.

Inventory:

Hand Weapons
 a - a +0 flail (weapon)
 i - a +1 vampiric whip
Missiles
 c - 3 throwing nets (quivered)
 d - a javelin
Armour
 b - a +0 leather armour (worn)
 e - a +0 pair of gloves (worn)
Potions
 g - a potion of mutation


   Skills:
 + Level 2.4 Fighting
 * Level 4.2 Maces & Flails
 - Level 2.0 Throwing
 - Level 2.7 Dodging


You had 2 spell levels left.
You didn't know any spells.
Your spell library contained the following spells:

 Spells                   Type           Power      Damage    Failure   Level
 Jinxbite                 Hex            0%         N/A       63%         2
 Yara's Violent Unravell  Hex/Alch       0%         3d3       100%        5
 Enfeeble                 Hex            0%         N/A       100%        7


Dungeon Overview and Level Annotations

Branches:
Dungeon (2/15) Zot: 11028

Altars:
Xom

Shops:
D:1 *

Annotations:
D:2 Natasha


Innate Abilities, Weirdness & Mutations

You cannot be hasted, slowed, berserked, paralysed or teleported.
You can dig through walls and to a lower floor.
You have a pair of large antennae on your head. (SInv)
Your four strong arms can wield two-handed weapons with a shield.


Message History

The cerulean imp hits you from afar with a +2 spear.
The cerulean imp hits you with a +0 spear.
The cerulean imp hits you from afar with a +2 spear.
You barely miss the cerulean imp.
The cerulean imp is severely wounded.
The cerulean imp hits you but does no damage.
The cerulean imp hits you from afar with a +2 spear.
* * * LOW HITPOINT WARNING * * *
The cerulean imp closely misses you.
You closely miss the cerulean imp.
The cerulean imp is severely wounded.
The cerulean imp hits you from afar with a +2 spear.
* * * LOW HITPOINT WARNING * * *
The cerulean imp misses you.
You feel better.
The cerulean imp hits you from afar with a +2 spear.
The cerulean imp barely misses you.
You aren't carrying any items that you can evoke.
Unknown command.
You aren't carrying any scrolls.
Okay, then.
You sock the cerulean imp!
You kill the cerulean imp!
The cerulean imp disappears in a puff of smoke!
The cerulean imp hits you from afar with a +2 spear.
* * * LOW HITPOINT WARNING * * *
You closely miss Natasha. Natasha claws you but does no damage.
The cerulean imp hits you from afar with a +2 spear.
* * * LOW HITPOINT WARNING * * *
You hit Natasha.
Natasha is heavily wounded.
The cerulean imp hits you but does no damage.
Natasha closely misses you.
You hit Natasha.
Natasha is severely wounded.
Natasha misses you. The cerulean imp completely misses you.
Natasha casts a spell at you. The magic dart hits you.
You die...
Natasha begins licking her fur clean.

###.._..####.##
...........{...
##......#### ##
#..........# ..#
#.###....#.# #[#
#....#.# #.#
###....#.###### #.#
#.#....#......####.#
{#.#....#......@h...#
#...####).....##5..#
#.#.# #......##...#
{#.#.#
#......##..........
#.#.#
#......##..........
#<#.#
##....###..........
###.# #....#
#........$. ..#
#....# #.......... ##
###### ####....?..


You could see Natasha and a cerulean imp (summoned).

Vanquished Creatures
  2 dart slugs (D:1)
  3 ball pythons (D:1)
  4 bats (D:1)
  4 endoplasms (D:1)
  A giant cockroach (D:1)
  A goblin (D:2)
  A hobgoblin (D:1)
  3 jackals (D:1)
  A quokka (D:1)
  3 frilled lizards (D:1)
  A kobold (D:1)
  2 rats
26 creatures vanquished.

Notes
Turn   | Place    | Note
-------+----------+-------------------------------------------
     0 | D:1      | holysushi the Formicid Gladiator began the quest for the
                  | Orb.
     0 | D:1      | Reached XP level 1. HP: 16/16 MP: 1/1
   117 | D:1      | Reached XP level 2. HP: 22/22 MP: 2/2
   392 | D:1      | Reached XP level 3. HP: 27/27 MP: 3/3
   400 | D:1      | Reached skill level 4 in Maces & Flails
   643 | D:1      | Found Anlemorgh's General Store.
   647 | D:1      | Bought a scroll of identify for 20 gold pieces
   889 | D:2      | Found a shimmering altar of Xom.
   926 | D:2      | Noticed Natasha
   944 | D:2      | Killed from afar by Natasha

Illustrated notes

Levels and vault maps discovered:
D:1:      dpeg_arrival_simpleton_c, layout_loops_ring, serial_shops, shop,
          minmay_large_rounded_square, minmay_pentomino_x4
D:2:      layout_basic, basic_altar, minmay_misc_feat_four_crosses, uniq_natasha

Skill      XL: |  1  2  3 |
---------------+----------+-----
Maces & Flails | 4 |  4.2
Fighting       | |  2.4
Throwing       | |  2.0
Dodging        | |  2.7

Action                     || total
---------------------------++-------
  Melee: Flail             ||   111
    Use: Scroll            ||     5
         Potion            ||     1
   Stab: Sleeping          ||     3
 Armour: Leather armour    ||   117
  Dodge: Dodged            ||    97

Table legend: (Time is in decaauts)
 A = Elapsed time spent in this place.
 B = Non-inter-level travel time spent in this place.
 C = Inter-level travel time spent in this place.
 D = Time resting spent in this place.
 E = Time spent auto-exploring this place.
 F = Levels seen in this place.
 G = Mean time per level.
                   A        B        C        D        E       F      G
               +--------+--------+--------+--------+--------+-----+--------+
         Total |    970 |    895 |     75 |     73 |    467 |   2 |  485.0 |
       Dungeon |    970 |    895 |     75 |     73 |    467 |   2 |  485.0 |
               +--------+--------+--------+--------+--------+-----+--------+

Top non-repeatable levels by time:
     D:1: 906 daAuts
     D:2: 63 daAuts
